Workbook

Sheet СВОД
A1: Оценка качества финансового менеджмента главных распорядителей средств бюджета Забайкальского края за I квартал 2019 года
A3: № п/п | B3: Наименование | C3: Код ведомства | D3: Кол-во подве-домст-венных учреж-дений | E3: 4. Количество справок об изменении сводной бюджетной росписи | F3: 8. Эффективность управления просроченной кредиторской задолженностью | G3: 9. Объем просроченной кредиторской задолженности по заработной плате | H3: 16. Соблюдение сроков приведения государственной программы в соответствие с законом Забайкальского края о бюджете на очередной финансовый год и плановый период | I3: 17. Отношение общего объема доходов от приносящей доход деятельности автономных и бюджетных учреждений, подведомственных ГРБС за отчетный год к году предшествующему отчетному | J3: 18. Своевременность предоставления сводной квартальной (годовой) бюджетной отчетности | K3: 19. Доля государственных учреждений, подведомственных ГРБС, разместивших государственные задания, бюджетные сметы на текущий финансовый год и плановый период на официальном сайте в информационно-телекоммуникационной сети «Интернет» www.bus.gov.ru | L3: 20. Доля бюджетных и автономных учреждений, подведомственных ГРБС, разместивших информацию о плане финансово-хозяйственной деятельности на официальном сайте в сети «Интернет» www.bus.gov.ru | M3: 21. Доля государственных учреждений, подведомственных ГРБС, опубликовавших отчеты о результатах деятельности и отчеты об использовании закрепленного за ними государственного имущества за отчетный финансовый год на официальном сайте в сети «Интернет» www.bus.gov.ru | N3: 22. Доля государственных учреждений, подведомственных ГРБС, опубликовавших баланс за отчетный финансовый год на официальном сайте в сети «Интернет» www.bus.gov.ru | O3: 28. Достижение значений показателей результативности исполнения ГРБС мероприятий, в целях софинансирования которых предоставляются субсидии из федерального бюджета | P3: ИТОГО
A4: 1 | B4: Администрация Губернатора Забайкальского края | C4: 001 | D4: 0 | E4: 5 | F4: 5 | G4: 5 | H4: 0 | I4: 0 | J4: 4 | K4: 5 | L4: 5 | M4: 0 | N4: 1 | O4: 5 | P4: =SUM(E4:O4) -> 35
A5: 2 | B5: Министерство финансов Забайкальского края | C5: 002 | D5: 2 | E5: 5 | F5: 5 | G5: 5 | H5: 5 | I5: 2.1 | J5: 5 | K5: 5 | L5: 4.3 | M5: 5 | N5: 5 | O5: 3.5 | P5: =SUM(E5:O5) -> 49.9
A6: 3 | B6: Министерство здравоохранения Забайкальского края | C6: 003 | D6: 70 | E6: 5 | F6: 0 | G6: 5 | H6: 5 | I6: 2 | J6: 5 | K6: 5 | L6: 1 | M6: 5 | N6: 5 | O6: 0 | P6: =SUM(E6:O6) -> 38
A7: 4 | B7: Министерство культуры Забайкальского края | C7: 004 | D7: 22 | E7: 5 | F7: 0 | G7: 5 | H7: 5 | I7: 5 | J7: 4 | K7: 5 | L7: 5 | M7: 5 | N7: 5 | O7: 5 | P7: =SUM(E7:O7) -> 49
A8: 5 | B8: Администрация Агинского Бурятского округа Забайкальского края | C8: 006 | D8: 3 | E8: 5 | F8: 5 | G8: 5 | H8: 5 | I8: 5 | J8: 4 | K8: 5 | L8: 5 | M8: 5 | N8: 5 | O8: 3.5 | P8: =SUM(E8:O8) -> 52.5
A9: 6 | B9: Министерство труда и социальной защиты населения Забайкальского края | C9: 009 | D9: 62 | E9: 5 | F9: 5 | G9: 5 | H9: 5 | I9: 2 | J9: 5 | K9: 5 | L9: 5 | M9: 0 | N9: 5 | O9: 5 | P9: =SUM(E9:O9) -> 47
A10: 7 | B10: Министерство физической культуры и спорта Забайкальского края | C10: 011 | D10: 9 | E10: 5 | F10: 0 | G10: 5 | H10: 5 | I10: 0 | J10: 5 | K10: 1 | L10: 5 | M10: 0 | N10: 1 | O10: 5 | P10: =SUM(E10:O10) -> 32
A11: 8 | B11: Департамент по гражданской обороне и пожарной безопасности Забайкальского края | C11: 012 | D11: 3 | E11: 5 | F11: 0 | G11: 5 | H11: 0 | I11: 0 | J11: 5 | K11: 5 | L11: 5 | M11: 5 | N11: 5 | O11: 3.5 | P11: =SUM(E11:O11) -> 38.5
A12: 9 | B12: Министерство международного сотрудничества и внешнеэкономических связей Забайкальского края | C12: 015 | D12: 0 | E12: 5 | F12: 5 | G12: 5 | H12: 5 | I12: Х | J12: 5 | K12: Х | L12: Х | M12: Х | N12: Х | O12: 3.5 | P12: =SUM(E12:O12) -> 28.5
A13: 10 | B13: Департамент государственного имущества и земельных отношений Забайкальского края | C13: 017 | D13: 3 | E13: 5 | F13: 5 | G13: 5 | H13: 5 | I13: 0 | J13: 5 | K13: 5 | L13: 5 | M13: 5 | N13: 5 | O13: 5 | P13: =SUM(E13:O13) -> 50
A14: 11 | B14: Региональная служба по тарифам и ценообразованию Забайкальского края | C14: 019 | D14: 1 | E14: 5 | F14: 5 | G14: 5 | H14: 3.1 | I14: 2.1 | J14: 5 | K14: 5 | L14: 4.3 | M14: 5 | N14: 5 | O14: 3.5 | P14: =SUM(E14:O14) -> 48
A15: 12 | B15: Министерство экономического развития Забайкальского края | C15: 025 | D15: 1 | E15: 5 | F15: 0 | G15: 5 | H15: 5 | I15: 0 | J15: 5 | K15: 0 | L15: 5 | M15: 5 | N15: 5 | O15: 5 | P15: =SUM(E15:O15) -> 40
A16: 13 | B16: Министерство образования, науки и молодежной политики Забайкальского края | C16: 026 | D16: 49 | E16: 5 | F16: 0 | G16: 5 | H16: 5 | I16: 5 | J16: 4 | K16: 0 | L16: 3 | M16: 0 | N16: 3 | O16: 5 | P16: =SUM(E16:O16) -> 35
A17: 14 | B17: Министерство территориального развития Забайкальского края | C17: 027 | D17: 2 | E17: 5 | F17: 5 | G17: 5 | H17: 0 | I17: 0 | J17: 5 | K17: 5 | L17: 5 | M17: 5 | N17: 5 | O17: 0 | P17: =SUM(E17:O17) -> 40
A18: 15 | B18: Департамент записи актов гражданского состояния Забайкальского края | C18: 031 | D18: 0 | E18: 5 | F18: 5 | G18: 5 | H18: 3.1 | I18: Х | J18: 5 | K18: Х | L18: Х | M18: Х | N18: Х | O18: 3.5 | P18: =SUM(E18:O18) -> 26.6
A19: 16 | B19: Департамент по обеспечению деятельности мировых судей Забайкальского края | C19: 032 | D19: 1 | E19: 5 | F19: 5 | G19: 5 | H19: 3.1 | I19: Х | J19: 4 | K19: 5 | L19: 4.3 | M19: 5 | N19: 5 | O19: 3.5 | P19: =SUM(E19:O19) -> 44.9
A20: 17 | B20: Контрольно-счетная палата Забайкальского края | C20: 034 | D20: 0 | E20: 5 | F20: 5 | G20: 5 | H20: 3.1 | I20: Х | J20: 5 | K20: Х | L20: Х | M20: Х | N20: Х | O20: 3.5 | P20: =SUM(E20:O20) -> 26.6
A21: 18 | B21: Избирательная комиссия Забайкальского края | C21: 035 | D21: 0 | E21: 5 | F21: 5 | G21: 5 | H21: 3.1 | I21: Х | J21: 5 | K21: Х | L21: Х | M21: Х | N21: Х | O21: 3.5 | P21: =SUM(E21:O21) -> 26.6
A22: 19 | B22: Министерство природных ресурсов Забайкальского края | C22: 046 | D22: 7 | E22: 5 | F22: 0 | G22: 5 | H22: 0 | I22: 5 | J22: 4 | K22: 1 | L22: 5 | M22: 5 | N22: 5 | O22: 3.5 | P22: =SUM(E22:O22) -> 38.5
A23: 20 | B23: Законодательное Собрание Забайкальского края | C23: 063 | D23: 0 | E23: 5 | F23: 5 | G23: 5 | H23: 3.1 | I23: Х | J23: 5 | K23: Х | L23: Х | M23: Х | N23: Х | O23: 3.5 | P23: =SUM(E23:O23) -> 26.6
A24: 21 | B24: Представительство Правительства Забайкальского края при Правительстве Российской Федерации | C24: 064 | D24: 0 | E24: 5 | F24: 5 | G24: 5 | H24: 3.1 | I24: Х | J24: 4 | K24: Х | L24: Х | M24: Х | N24: Х | O24: 3.5 | P24: =SUM(E24:O24) -> 25.6
A25: 22 | B25: Уполномоченный по правам ребенка в Забайкальском крае и его аппарат | C25: 065 | D25: 0 | E25: 5 | F25: 5 | G25: 5 | H25: 3.1 | I25: Х | J25: 5 | K25: Х | L25: Х | M25: Х | N25: Х | O25: 3.5 | P25: =SUM(E25:O25) -> 26.6
A26: 23 | B26: Министерство сельского хозяйства Забайкальского края | C26: 066 | D26: 36 | E26: 5 | F26: 5 | G26: 5 | H26: 0 | I26: 5 | J26: 3 | K26: 0 | L26: 1 | M26: 1 | N26: 3 | O26: 0 | P26: =SUM(E26:O26) -> 28
A27: 24 | B27: Уполномоченный по правам человека в Забайкальском крае и его аппарат | C27: 067 | D27: 0 | E27: 5 | F27: 5 | G27: 5 | H27: 3.1 | I27: Х | J27: 5 | K27: Х | L27: Х | M27: Х | N27: Х | O27: 3.5 | P27: =SUM(E27:O27) -> 26.6
A28: 25 | B28: Уполномоченный по защите правм предпринимателей в Забайкальском крае | C28: 068 | D28: 0 | E28: 5 | F28: 5 | G28: 5 | H28: 3.1 | I28: Х | J28: 5 | K28: Х | L28: Х | M28: Х | N28: Х | O28: 3.5 | P28: =SUM(E28:O28) -> 26.6
A29: 26 | B29: Государственная инспекция Забайкальского края | C29: 072 | D29: 0 | E29: 5 | F29: 0 | G29: 5 | H29: 3.1 | I29: Х | J29: 3 | K29: Х | L29: Х | M29: Х | N29: Х | O29: 3.5 | P29: =SUM(E29:O29) -> 19.6
A30: 27 | B30: Государственная служба по охране объектов культурного наследия Забайкальского края | C30: 073 | D30: 1 | E30: 5 | F30: 5 | G30: 5 | H30: 0 | I30: 0 | J30: 4 | K30: 5 | L30: 5 | M30: 5 | N30: 5 | O30: 3.5 | P30: =SUM(E30:O30) -> 42.5
D31: =SUM(D4:D30) -> 272 | E31: =SUM(E4:E30)/27 -> 5 | F31: =SUM(F4:F30)/27 -> 3.5185185 | G31: =SUM(G4:G30)/27 -> 5 | H31: =SUM(H4:H30)/27 -> 3.1148148 | I31: =SUM(I4:I30)/16 -> 2.075 | J31: =SUM(J4:J30)/27 -> 4.5555556 | K31: =SUM(K4:K30)/17 -> 3.6470588 | L31: =SUM(L4:L30)/17 -> 4.2882353 | M31: =SUM(M4:M30)/17 -> 3.5882353 | N31: =SUM(N4:N30)/17 -> 4.2941176 | O31: =SUM(O4:O30)/27 -> 3.5 | P31: =SUM(P4:P30)/27 -> 35.877778
D32: сайт bus.gov.ru

Sheet 1 Без сети
A1: Оценка качества финансового менеджмента главных распорядителей средств бюджета Забайкальского края, не осуществляющих функции и полномочия учредителя государственных учреждений
A2: за I квартал 2019 года
A5: № п/п | B5: Наименование | C5: Код ведомства | D5: Сводная оценка (балл) | E5: Оценка качества финансового менеджмента
A7: 2 | B7: Министерство международного сотрудничества, внешнеэкономических связей и туризма Забайкальского края | C7: 015 | D7: =СВОД!P12 -> 28.5 | E7: =D7/35 -> 0.81428571
A8: 3 | B8: Департамент записи актов гражданского состояния Забайкальского края | C8: 031 | D8: =СВОД!P18 -> 26.6 | E8: =D8/35 -> 0.76
A9: 4 | B9: Контрольно-счетная палата Забайкальского края | C9: 034 | D9: =СВОД!P20 -> 26.6 | E9: =D9/35 -> 0.76
A10: 5 | B10: Избирательная комиссия Забайкальского края | C10: 035 | D10: =СВОД!P21 -> 26.6 | E10: =D10/35 -> 0.76
A11: 6 | B11: Законодательное Собрание Забайкальского края | C11: 063 | D11: =СВОД!P23 -> 26.6 | E11: =D11/35 -> 0.76
A12: 11 | B12: Уполномоченный по правам ребенка в Забайкальском крае и его аппарат | C12: 065 | D12: =СВОД!P25 -> 26.6 | E12: =D12/35 -> 0.76
A13: 8 | B13: Уполномоченный по правам человека в Забайкальском крае и его аппарат | C13: 067 | D13: =СВОД!P27 -> 26.6 | E13: =D13/35 -> 0.76
A14: 9 | B14: Уполномоченный по защите прав предпринимателей в Забайкальском крае | C14: 068 | D14: =СВОД!P28 -> 26.6 | E14: =D14/35 -> 0.76
A15: 7 | B15: Представительство Правительства Забайкальского края при Правительстве Российской Федерации | C15: 064 | D15: =СВОД!P24 -> 25.6 | E15: =D15/35 -> 0.73142857
A16: 10 | B16: Государственная инспекция Забайкальского края | C16: 072 | D16: =СВОД!P29 -> 19.6 | E16: =D16/35 -> 0.56

Sheet 2 <=10 учр
A1: Оценка качества финансового менеджмента главных распорядителей средств бюджета Забайкальского края, осуществляющих функции и полномочия учредителя в отношении не более десяти государственных учреждений
A2: за I квартал 2019 года
A5: № п/п | B5: Наименование | C5: Код ведомства | D5: Сводная оценка (балл) | E5: Уровень качества финансового менеджмента
A7: 3 | B7: Администрация Агинского Бурятского округа Забайкальского края | C7: 006 | D7: =СВОД!P8 -> 52.5 | E7: =D7/55 -> 0.95454545
A8: 6 | B8: Департамент государственного имущества и земельных отношений Забайкальского края | C8: 017 | D8: =СВОД!P13 -> 50 | E8: =D8/55 -> 0.90909091
A9: 2 | B9: =[1]СВОД!B6 -> Министерство финансов Забайкальского края | C9: 002 | D9: =СВОД!P5 -> 49.9 | E9: =D9/55 -> 0.90727273
A10: 7 | B10: Региональная служба по тарифам и ценообразованию Забайкальского края | C10: 019 | D10: =СВОД!P14 -> 48 | E10: =D10/55 -> 0.87272727
A11: 10 | B11: Департамент по обеспечению деятельности мировых судей Забайкальского края | C11: 032 | D11: =СВОД!P19 -> 44.9 | E11: =D11/55 -> 0.81636364
A12: 12 | B12: Государственная служба по охране объектов культурного наследия Забайкальского края | C12: 073 | D12: =СВОД!P30 -> 42.5 | E12: =D12/55 -> 0.77272727
A13: 8 | B13: Министерство экономического развития Забайкальского края | C13: 025 | D13: =СВОД!P15 -> 40 | E13: =D13/55 -> 0.72727273
A14: 5 | B14: Департамент по гражданской обороне и пожарной безопасности Забайкальского края | C14: 012 | D14: =СВОД!P11 -> 38.5 | E14: =D14/55 -> 0.7
A15: 11 | B15: Министерство природных ресурсов и экологии Забайкальского края | C15: 046 | D15: =СВОД!P22 -> 38.5 | E15: =D15/55 -> 0.7
A16: 1 | B16: =[1]СВОД!B5 -> Администрация Губернатора Забайкальского края | C16: 001 | D16: =СВОД!P4 -> 35 | E16: =D16/55 -> 0.63636364
A17: 9 | B17: Министерство территориального развития Забайкальского края | C17: 027 | D17: =СВОД!P16 -> 35 | E17: =D17/55 -> 0.63636364
A18: 4 | B18: Министерство физической культуры и спорта Забайкальского края | C18: 011 | D18: =СВОД!P10 -> 32 | E18: =D18/55 -> 0.58181818

Sheet 3 >10 учр
A1: Оценка качества финансового менеджмента главных распорядителей средств бюджета Забайкальского края, осуществляющих функции и полномочия учредителя в отношении более десяти государственных учреждений
A2: за I квартал 2019 года
A5: № п/п | B5: Наименование | C5: Код ведомства | D5: Сводная оценка (балл) | E5: Уровень качества финансового менеджмента
A7: 2 | B7: Министерство культуры Забайкальского края | C7: 004 | D7: =СВОД!P7 -> 49 | E7: =D7/55 -> 0.89090909
A8: 4 | B8: Министерство труда и социальной защиты населения Забайкальского края | C8: 009 | D8: =СВОД!P9 -> 47 | E8: =D8/55 -> 0.85454545
A9: 1 | B9: Министерство здравоохранения Забайкальского края | C9: 003 | D9: =СВОД!P6 -> 38 | E9: =D9/55 -> 0.69090909
A10: 5 | B10: Министерство образования, науки и молодежной политики Забайкальского края | C10: 026 | D10: =СВОД!P16 -> 35 | E10: =D10/55 -> 0.63636364
A11: 3 | B11: Министерство сельского хозяйства и продовольствия Забайкальского края | C11: 066 | D11: =СВОД!P26 -> 28 | E11: =D11/55 -> 0.50909091
